AoeStats
← chewie1706

African Clearing

506985392Analyzed
4v4 RM · 16d ago on Sep 16, 2026· 29m 36s· 8 players
Game mode
Random Map
Map size
Large (8 player)
Population
200
Speed
Normal
Resources
Standard
Victory
Conquest
Starting age
Dark Age
Ending age
Imperial Age
RankedLock teamsTeams togetherTeam positionsShared explorationLock speedFull tech treeHidden civsTurbo modeCheats
Victory
Defeat
🇧🇷 Sicilians · Brazil
1457
+12
🇨🇦 Berbers · Canada
1403
+15
🇨🇳 Huns · China
1350
+17
🇨🇳 Byzantines · China
1336
+17
🇫🇷 Spanish · France
1531
-22
🇫🇷 Cumans · France
1355
-15
🇫🇷 Magyars · France
1351
-14
🇨🇭 Turks · Switzerland
1241
-10
SkinnyPig
13:17 Feudal Age
17:42 Castle Age
16:10 Double-Bit Axe
16:11 Horse Collar
20:48 Fletching
23:23 Loom
26:47 Bodkin Arrow
30:05 Wheelbarrow
Faith
15:07 Feudal Age
14:58 Loom
18:52 Castle Age
17:42 Double-Bit Axe
19:54 Horse Collar
22:25 Wheelbarrow
run
7:25 Loom
12:16 Feudal Age
12:59 Double-Bit Axe
15:06 Forging
16:55 Scale Barding Armor
16:38 Horse Collar
18:12 Bloodlines
23:05 Castle Age
22:39 Gold Mining
23:56 Husbandry
24:18 Chain Barding Armor
24:34 Iron Casting
24:21 Bow Saw
24:56 Gold Shaft Mining
PoopMaster
6:59 Loom
AGS.Shirar
9:23 Loom
12:09 Feudal Age
14:46 Double-Bit Axe
14:59 Horse Collar
22:00 Castle Age
21:27 Scale Barding Armor
21:32 Forging
22:24 Bloodlines
24:51 Chain Barding Armor
26:57 Iron Casting
chewie1706
6:46 Loom
13:29 Feudal Age
18:43 Double-Bit Axe
24:08 Castle Age
23:38 Horse Collar
AGS.Grimnel
3:13 Loom
12:56 Feudal Age
13:02 Feudal Age
14:57 Town Watch
17:44 Castle Age
15:57 Double-Bit Axe
15:58 Horse Collar
17:17 Stone Mining
19:38 Bow Saw
21:52 Wheelbarrow
23:03 Fletching
AGS.Sylvatica
10:17 Loom
12:39 Feudal Age
14:14 Double-Bit Axe
16:53 Castle Age
17:05 Fletching
17:58 Bodkin Arrow
19:32 Thumb Ring
Connection lost

Rejoining the realm…

Still unreachable

The connection could not be restored.

Session expired

The server has moved on; the page needs a fresh start.